 Dungeon Crawl Stone Soup version 0.30-a0-368-g86fb4627a9 (webtiles) character file.

Game seed: 9264218663262688328

364 qeuew the Sneak (level 7, 0/41 HPs)
             Began as a Kobold Brigand on Nov 20, 2022.
             Slain by an orc
             ... wielding a +0 mace
              (4 damage)
             ... on level 3 of the Dungeon.
             The game lasted 00:05:17 (2734 turns).

qeuew the Sneak (Kobold Brigand)                    Turns: 2734, Time: 00:05:17

Health: 0/41       AC:  4    Str:  6 (8)  XL:     7   Next: 0%
Magic:  7/7        EV: 15    Int: 12 (13) God:
Gold:   152        SH:  0    Dex: 17 (18) Spells: 6/6 levels left

rFire   + . .      SeeInvis .    a - +2 dagger
rCold   . . .      Faith    .    (no shield)
rNeg    . . .      Spirit   .    l - +2 robe {rF+}
rPois   .          Reflect  .    (no helmet)
rElec   .          Harm     .    k - scarf {shadows}
rCorr   .          Rampage  .    (no gloves)
Will    .....                    (no boots)
Stlth   +++++.....               f - amulet of the acrobat
HPRegen 0.26/turn                (no ring)
MPRegen 0.10/turn                (no ring)

@: invisible
A: small, no large weapons, nightstalker 3, high MP 1
a: no special abilities


You were on level 3 of the Dungeon.
You visited 1 branch of the dungeon, and saw 3 of its levels.

You collected 152 gold pieces.

Inventory:

Hand Weapons
 a - a +2 dagger (weapon)
Missiles
 d - 13 poisoned darts (quivered)
 e - 2 curare-tipped darts
 n - a throwing net
Armour
 k - a scarf of shadows (worn)
 l - a +2 robe of fire resistance (worn)
Jewellery
 f - an amulet of the acrobat (around neck)
Scrolls
 b - a scroll of fear
 h - a scroll of magic mapping {unknown}
 m - a scroll of enchant armour {unknown}
Potions
 c - a potion of mutation
 g - a potion of curing {unknown}


   Skills:
 + Level 3.4 Fighting
 + Level 4.1 Short Blades
 + Level 3.5 Throwing
 + Level 1.6 Armour
 + Level 2.9 Dodging
 * Level 7.4 Stealth


You had 6 spell levels left.
You didn't know any spells.
Your spell library was empty.

Dungeon Overview and Level Annotations

Branches:
Dungeon (3/15)

Altars:
Dithmenos
Fedhas
Ru

Shops:
D:3 ((![=


Innate Abilities, Weirdness & Mutations

You are small and have problems with some larger weapons.
You are completely attuned to the shadows.
You have an increased reservoir of magic. (+10% MP)


Message History

The poisoned dart barely misses the orc.
The orc hits you with a +0 mace.
The orc priest calls upon Beogh to heal the orc.
The orc is healed somewhat.
You hear some strange, mumbled words.
Something tries to affect you, but you resist.
You hit the orc priest.
The orc priest is moderately wounded.
The orc hits you with a +0 mace! The orc priest misses you.
Something hits you but does no damage.
You hit the orc priest.
The orc priest is heavily wounded.
You hit the orc priest.
The orc priest is severely wounded.
The orc hits you with a +0 mace.
* * * LOW HITPOINT WARNING * * *
The orc priest hits you with a +0 club.
* * * LOW HITPOINT WARNING * * *
You hear some strange, mumbled words.
Something tries to affect you, but you resist.
You hit the orc priest but do no damage.
The orc priest is severely wounded.
The orc closely misses you.
The orc priest calls down the wrath of Beogh upon you.
You struggle to resist.
Something hits you.
* * * LOW HITPOINT WARNING * * *
Something freezes you.
* * * LOW HITPOINT WARNING * * *
You fade into invisibility!
The orc barely misses you. The orc priest closely misses you.
You hear some strange, mumbled words.
A puff of flame appears from out of thin air!
The puff of flame hits you. You resist.
* * * LOW HITPOINT WARNING * * *
Unknown command.
You strike the helpless orc priest from behind!
You impale the orc priest!!
You kill the orc priest!
Something hits you but does no damage. The orc hits you with a +0 mace.
You die...

###### #....#
#....#.... ..
#....#.... ##.
#....#.{.. .#..
#....#@)(( ...._
#.....oo.. #.#..
#......... .....# #.##.
#.....(... .....# #....
#.....#### #....# ####.
#.....########..# ....
#...#...........## ###.
#...#..........#.#####.
#...#...........o.....#


You could see 2 orcs.

Vanquished Creatures
  Sigmund (D:2)
  A scorpion (D:2)
  An orc priest (D:3)
  Terence (D:2)
  An orc wizard (D:3)
  A gnoll (D:1)
  2 adders
  3 worms (D:2)
  2 dart slugs (D:2)
  2 orcs (D:3)
  6 ball pythons
  7 endoplasms
  2 giant cockroaches (D:1)
  3 goblins
  A hobgoblin (D:1)
  2 jackals (D:2)
  3 quokkas (D:2)
  2 bats (D:2)
  7 frilled lizards
  6 kobolds
  4 rats
58 creatures vanquished.

Notes
Turn   | Place    | Note
-------+----------+-------------------------------------------
     0 | D:1      | qeuew the Kobold Brigand began the quest for the Orb.
     0 | D:1      | Reached XP level 1. HP: 12/12 MP: 1/1
   188 | D:1      | Reached XP level 2. HP: 17/17 MP: 2/2
   500 | D:1      | Reached XP level 3. HP: 3/22 MP: 3/3
   984 | D:1      | Gained mutation: You have an increased reservoir of magic.
                  | (+10% MP) [potion of mutation]
  1108 | D:2      | Noticed Terence
  1111 | D:2      | Killed Terence
  1112 | D:2      | Reached skill level 6 in Stealth
  1112 | D:2      | Reached XP level 4. HP: 27/27 MP: 4/4
  1381 | D:2      | Noticed a scorpion
  1384 | D:2      | Killed a scorpion
  1385 | D:2      | Reached skill level 1 in Armour
  1385 | D:2      | Reached XP level 5. HP: 32/32 MP: 5/5
  1563 | D:2      | Noticed Sigmund
  1573 | D:2      | Killed Sigmund
  1574 | D:2      | Reached skill level 7 in Stealth
  1574 | D:2      | Reached XP level 6. HP: 8/37 MP: 6/6
  1745 | D:3      | Found Vucem's Jewellery Boutique.
  1873 | D:3      | Found Aduhet Sigi's Antique Armour Shop.
  2038 | D:3      | Found a shadowy altar of Dithmenos.
  2041 | D:3      | Found a blossoming altar of Fedhas.
  2241 | D:3      | Found a sacrificial altar of Ru.
  2284 | D:3      | Found Zamag's Weapon Shoppe.
  2320 | D:3      | Found Ytset's Distillery.
  2360 | D:3      | Found Ocoledgh's Weapon Emporium.
  2726 | D:3      | Reached XP level 7. HP: 30/41 MP: 7/7
  2734 | D:3      | Slain by an orc

Illustrated notes

Levels and vault maps discovered:
D:1:      eino_arrival_cavern_c, layout_basic
D:2:      layout_basic, uniq_sigmund, uniq_terence
D:3:      cheibrodos_pilgrimage, layout_basic, minitemple,
          nicolae_ru_sacrificial_ziggurat, serial_shops,
          nicolae_shop_bloodbath_and_beyond, nicolae_lakefront_shop,
          nicolae_shop_waterfront, nicolae_diamond_shop, nicolae_shop_waterfront

Skill      XL: |  1  2  3  4  5 |
---------------+----------------+-----
Short Blades   | 3 4 |  4.1
Stealth        | 6 7 |  7.4
Dodging        | 2 |  2.9
Fighting       | 3 |  3.4
Armour         | 1 |  1.6
Throwing       | 3 |  3.5

Action                   |  1- 3 |  4- 6 |  7- 9 || total
-------------------------+-------+-------+-------++-------
Melee: Dagger            |    59 |    76 |     5 ||   140
Throw: Dart              |     2 |     7 |     3 ||    12
  Use: Potion            |     4 |     2 |     1 ||     7
       Scroll            |     3 |     4 |       ||     7
 Stab: Sleeping          |    10 |    19 |       ||    29
       Distracted        |       |     1 |       ||     1
       Invisible         |       |       |     1 ||     1
Armor: Robe              |     6 |    12 |     2 ||    20
Dodge: Dodged            |    30 |    51 |     6 ||    87

Table legend: (Time is in decaauts)
 A = Elapsed time spent in this place.
 B = Non-inter-level travel time spent in this place.
 C = Inter-level travel time spent in this place.
 D = Time resting spent in this place.
 E = Time spent auto-exploring this place.
 F = Levels seen in this place.
 G = Mean time per level.
                   A        B        C        D        E       F      G
               +--------+--------+--------+--------+--------+-----+--------+
         Total |   2707 |   2690 |     17 |      0 |   2306 |   3 |  902.3 |
       Dungeon |   2707 |   2690 |     17 |      0 |   2306 |   3 |  902.3 |
               +--------+--------+--------+--------+--------+-----+--------+

Top non-repeatable levels by time:
     D:3: 991 daAuts
     D:1: 987 daAuts
     D:2: 729 daAuts
